 Dungeon Crawl Stone Soup version 0.28.0-45-g0d030f2227 (webtiles) character file.

Game seed: 18275374240800232843

582 MisterFreud the Conjurer (level 7, -4/41 HPs)
             Began as an Octopode Conjurer on May 25, 2022.
             Was a Believer of Cheibriados.
             Shot with an arrow by a centaur (12 damage)
             ... on level 5 of the Dungeon.
             The game lasted 00:06:20 (5028 turns).

MisterFreud the Conjurer (Octopode Conjurer)        Turns: 5028, Time: 00:06:21

Health: -4/41      AC:  1    Str: 12    XL:     7   Next: 36%
Magic:  22/22      EV: 14    Int: 27    God:    Cheibriados [**....]
Gold:   196        SH:  5    Dex: 15    Spells: 11/14 levels left

rFire   . . .      SeeInvis .   q - +1 rapier (elec)
rCold   . . .      Faith    .   d - +0 buckler
rNeg    . . .      Spirit   .   (helmet restricted)
rPois   .          Reflect  .   (no amulet)
rElec   .          Harm     .   i - ring of magical power
rCorr   .          Rampage  .   (no ring)
Will    .....                   (no ring)
Stlth   +++.......              (no ring)
HPRegen 0.13/turn               (no ring)
MPRegen 0.18/turn               (no ring)
                                (no ring)
                                (no ring)

@: very slow
A: almost no armour, amphibious, 8 rings, camouflage 1, gelatinous body 1,
(nimble swimmer 1), tentacles
a: Renounce Religion, Bend Time


You were on level 5 of the Dungeon.
You worshipped Cheibriados.
Cheibriados was pleased with you.
You visited 1 branch of the dungeon, and saw 5 of its levels.

You collected 196 gold pieces.

Inventory:

Hand Weapons
 q - a +1 rapier of electrocution (weapon)
Missiles
 a - 6 boomerangs
 b - 6 silver boomerangs
 m - 11 poisoned darts
Armour
 d - a +0 buckler (worn)
Jewellery
 i - a ring of magical power (left tentacle)
Wands
 j - a wand of flame (19)
 n - a wand of digging (4)
Scrolls
 h - a scroll of immolation
 o - a scroll of teleportation
 p - a scroll of enchant weapon {unknown}
 r - a scroll of amnesia {unknown}
Potions
 e - a potion of curing
 f - a potion of berserk rage
 g - a potion of lignification
 k - 3 potions of invisibility
 l - a potion of mutation


   Skills:
 + Level 3.9 Dodging
 - Level 2.6 Stealth
 + Level 3.2 Shields
 - Level 4.0 Spellcasting
 - Level 6.0 Conjurations


You had 11 spell levels left.
You knew the following spells:

 Your Spells              Type           Power      Damage    Failure   Level
a - Magic Dart            Conj           100%       1d8       1%          1
b - Searing Ray           Conj           74%        2d7       1%          2

Your spell library contained the following spells:

 Spells                   Type           Power      Damage    Failure   Level
 Dazzling Flash           Conj/Hex       42%        N/A       9%          3
 Fulminant Prism          Conj/Hex       10%        3d9       30%         4
 Iskenderun's Mystic Bla  Conj/Tloc      21%        2d6       30%         4


Dungeon Overview and Level Annotations

Branches:
Dungeon (5/15)
 Temple: D:4-7

Altars:
Cheibriados
Kikubaaqudgha
Wu Jian

Annotations:
D:3 1 runed translucent door, ioannis32's ghost, amateur DsBe


Innate Abilities, Weirdness & Mutations

You cannot wear most types of armour.
You are amphibious.
You can wear up to eight rings at the same time.
Your skin changes colour to match your surroundings (Stealth+).
Your rubbery body absorbs attacks. (AC +1, EV +1)
((You are camouflaged when in or above water. (Stealth+)))
You have tentacles for arms and can constrict up to eight enemies at once.


Message History

The magic dart hits the bullfrog zombie.
The bullfrog zombie is moderately damaged.
You hit the bullfrog zombie.
Lightning courses through the bullfrog zombie!
You grab the bullfrog zombie.
The bullfrog zombie is severely damaged.
You constrict the bullfrog zombie.
You block the bullfrog zombie's attack. x2
You puncture the bullfrog zombie!
You destroy the bullfrog zombie!
Cheibriados appreciates the change of pace.
No target in view!
Found 17 bolts.
A centaur comes into view.
Found 10 gold pieces.
The magic dart hits the centaur but does no damage.
The centaur shouts!
The centaur wields a +3 shortbow of freezing.
It is covered in frost.
The centaur shoots an arrow.
The arrow hits you! The arrow freezes you.
The centaur shoots an arrow.
The arrow misses you.
The centaur shoots an arrow.
The arrow hits you!
* * * LOW HITPOINT WARNING * * *
The arrow freezes you.
* * * LOW HITPOINT WARNING * * *
You hear a bark!
You are too injured to fight recklessly!
You are too injured to fight recklessly!
Okay, then.
Unknown command.
You feel much better.
The centaur shoots an arrow.
The arrow barely misses you.
A hound comes into view.
The centaur shoots an arrow.
The arrow completely misses you.
The centaur shoots an arrow.
The arrow hits you! The arrow freezes you.
* * * LOW HITPOINT WARNING * * *
The centaur shoots an arrow.
The arrow hits you.
* * * LOW HITPOINT WARNING * * *
The arrow freezes you.
* * * LOW HITPOINT WARNING * * *
The centaur shoots an arrow.
The arrow hits you!
You die...

. #.......####.##.#
#.#########.# ##.##.#
.#.... #.###.....#
....#.######...#...###
.(...................
#......#.###.#....##
#....#.#.# #.#......
...##.##.#.#.###.#.#...#
.....h.@...#...........#
....$c.....####..#.#.###
.#######.(.# #.........
#...# #.....#.## ......
#####.#..< .....##.
..#### 8888.## . ###
8....#


You could see a centaur and a hound.

Vanquished Creatures
  An ogre (D:4)
  3 vampire bats (D:3)
  A howler monkey (D:4)
  A bullfrog zombie (D:5)
  A hound (D:4)
  An iguana (D:4)
  A hound skeleton (D:3)
  4 gnolls (D:3)
  8 adders
  An ufetubus (D:4)
  4 worms
  4 dart slugs
  9 orcs (D:4)
  7 ball pythons
  4 bat skeletons (D:3)
  2 bat zombies (D:3)
  4 endoplasms
  2 giant cockroaches
  10 goblins
  7 hobgoblins
  7 jackals (D:1)
  6 quokkas
  6 bats
  5 frilled lizards
  3 kobolds
  2 rats
104 creatures vanquished.

Vanquished Creatures (others)
  7 plants (D:1)
7 creatures vanquished.

Grand Total: 111 creatures vanquished

Notes
Turn   | Place    | Note
-------+----------+-------------------------------------------
     0 | D:1      | MisterFreud the Octopode Conjurer began the quest for the
                  | Orb.
     0 | D:1      | Reached XP level 1. HP: 11/11 MP: 3/3
   286 | D:1      | Reached XP level 2. HP: 17/17 MP: 3/5
   717 | D:1      | Reached XP level 3. HP: 21/21 MP: 0/7
  1887 | D:2      | Reached XP level 4. HP: 26/27 MP: 5/8
  2411 | D:3      | Reached skill level 5 in Conjurations
  2480 | D:3      | Found a snail-covered altar of Cheibriados.
  2500 | D:3      | Became a worshipper of Cheibriados the Contemplative
  2650 | D:3      | Found a runed translucent door.
  2653 | D:3      | Reached XP level 5. HP: 31/31 MP: 10/10
  2715 | D:3      | Learned a level 2 spell: Searing Ray
  2997 | D:3      | Found an ancient bone altar of Kikubaaqudgha.
  3011 | D:3      | Reached * piety under Cheibriados
  3014 | D:3      | Reached XP level 6. HP: 19/36 MP: 12/12
  3156 | D:3      | Reached skill level 6 in Conjurations
  3251 | D:3      | Found an ornate altar of the Wu Jian Council.
  3358 | D:3      | Found a faded altar of an unknown god.
  3377 | D:3      | Reached skill level 1 in Shields
  3726 | D:3      | Noticed ioannis32's ghost (amateur DsBe)
  4058 | D:4      | Reached ** piety under Cheibriados
  4233 | D:4      | Reached XP level 7. HP: 41/41 MP: 13/13
  4947 | D:5      | Entered Level 5 of the Dungeon
  5028 | D:5      | Shot with an arrow by a centaur

Illustrated notes

Levels and vault maps discovered:
D:1:      shiori_arrival_oz, layout_basic, serial_bayou, serial_bayou_pond_e,
          serial_bayou_ford_a, serial_bayou_pond_a, serial_bayou_pond_b,
          serial_bayou_crossing, minmay_misc_feat_roman, roderic_malta_cross,
          minmay_misc_feat_four_crosses, amcnicky_mini_rare_corridor_liquid
D:2:      layout_rooms
D:3:      layout_basic, kennysheep_vampire_church,
          mainiacjoe_overflow_big_doors, ebering_ghost_sewer_d,
          ebering_ecumenical_altar_webs
D:4:      layout_cave_pods
D:5:      layout_basic, mainiacjoe_overflow_chevrons

Skill      XL: |  1  2  3  4  5  6  7 |
---------------+----------------------+-----
Spellcasting   | 3 4 |  4.0
Conjurations   | 5 6 |  6.0
Shields        | 2 3 |  3.2
Dodging        | 3 |  3.9
Stealth        | |  2.6

Action                   |  1- 3 |  4- 6 |  7- 9 || total
-------------------------+-------+-------+-------++-------
Melee: Unarmed           |    31 |    24 |       ||    55
       Constrict         |     9 |    12 |     3 ||    24
       Tentacles         |     5 |    10 |     1 ||    16
       Rapier            |       |    12 |     4 ||    16
       Punch             |       |     1 |       ||     1
 Cast: Magic Dart        |    63 |   105 |    31 ||   199
       Searing Ray       |       |     2 |       ||     2
  Use: Scroll            |       |     7 |     1 ||     8
       Potion            |       |       |     1 ||     1
 Stab: Sleeping          |       |     1 |       ||     1
Armor: Skin              |     4 |     8 |       ||    12
Dodge: Dodged            |    25 |    51 |     3 ||    79
Block: Buckler           |       |       |     2 ||     2
